 Dungeon Crawl Stone Soup version 0.30-a0-591-g3c58d2bc28 (webtiles) character file.

Game seed: 8170272246380906841

42 Newt the Trooper (level 3, -2/29 HPs)
             Began as a Demonspawn Gladiator on Jan 4, 2023.
             Slain by a gnoll
             ... wielding a +0 spear
              (4 damage)
             ... on level 2 of the Dungeon.
             The game lasted 00:01:31 (1188 turns).

Newt the Trooper (Demonspawn Gladiator)             Turns: 1188, Time: 00:01:31

Health: -2/29      AC:  3    Str: 16    XL:     3   Next: 33%
Magic:  3/3        EV:  6    Int:  9    God:
Gold:   40         SH:  0    Dex: 16    Spells: 2/2 levels left

rFire   . . .      SeeInvis .    a - +1 rapier
rCold   . . .      Faith    .    (no shield)
rNeg    . . .      Spirit   .    b - +0 leather armour
rPois   .          Reflect  .    (helmet restricted)
rElec   .          Harm     .    (no cloak)
rCorr   .          Rampage  .    (no gloves)
Will    .....                    (no boots)
Stlth   +++                      h - amulet of magic regeneration
HPRegen 0.24/turn                (no ring)
MPRegen 0.48/turn                (no ring)

@: held
A: horns 1, thin skeletal structure 1
a: no special abilities


You were on level 2 of the Dungeon.
You visited 1 branch of the dungeon, and saw 2 of its levels.

You collected 40 gold pieces.

Inventory:

Hand Weapons
 a - a +1 rapier (weapon)
Missiles
 d - 3 throwing nets (quivered)
 g - 6 poisoned darts
 l - 2 curare-tipped darts
Armour
 b - a +0 leather armour (worn)
 c - a +0 helmet
Jewellery
 h - an amulet of magic regeneration (around neck)
Potions
 k - a potion of mutation {unknown}


   Skills:
 + Level 3.1 Fighting
 - Level 2.6 Short Blades
 - Level 1.7 Throwing
 - Level 2.6 Dodging
 - Level 2.0 Stealth


You had 2 spell levels left.
You didn't know any spells.
Your spell library contained the following spells:

 Spells                   Type           Power      Damage    Failure   Level
 Inner Flame              Hex/Fire       0%         N/A       83%         3
 Flame Wave               Conj/Fire      0%         2d4       99%         4
 Sticky Flame             Conj/Fire      0%         2d3       99%         4


Dungeon Overview and Level Annotations

Branches:
Dungeon (2/15)

Altars:

Shops:
D:1 !


Innate Abilities, Weirdness & Mutations

You have a pair of small horns on your head.
You have a somewhat thin skeletal structure. (Dex +2, Stealth+)


Message History

Press: ? - help, Shift-Dir - straight line, f - gnoll
Aim: a gnoll, wielding a +0 spear and quivering 2 throwing nets (wandering, hasn't noticed you, 64% to hit)
You throw a javelin. The javelin closely misses the gnoll.
The javelin closely misses the goblin.
The javelin barely misses the gnoll.
The gnoll shouts!
You hit the gnoll but do no damage.
The gnoll hits you with a +2 flail of distortion!
You blink.
The gnoll misses you.
The gnoll throws a throwing net.
The throwing net barely misses you. The goblin hits you but does no damage.
You hit the gnoll but do no damage. The goblin hits you but does no damage.
The gnoll closely misses you.
The gnoll hits you from afar with a +0 spear. x2
The gnoll hits you with a +0 spear. The goblin hits you but does no damage.
You hit the gnoll. You headbutt the gnoll.
The gnoll is moderately wounded.
The gnoll hits you with a +0 spear.
* * * LOW HITPOINT WARNING * * *
The gnoll throws a throwing net.
The throwing net hits you.
You become entangled in the net!
The goblin hits you with a +0 dagger.
* * * LOW HITPOINT WARNING * * *
It was a potion of curing.
You feel better. The gnoll hits you with a +0 spear.
The gnoll hits you from afar with a +0 spear.
The goblin hits you with a +0 dagger.
* * * LOW HITPOINT WARNING * * *
You feel better. The gnoll hits you with a +0 spear.
The gnoll hits you from afar with a +0 spear.
The goblin hits you but does no damage.
You aren't carrying any scrolls.
You cannot throw/fire anything while held in a net.
Unknown command.
You tear a large gash into the net.
The gnoll hits you but does no damage.
The gnoll hits you from afar with a +0 spear.
The goblin hits you but does no damage.
You struggle against the net.
The gnoll hits you with a +0 spear!
* * * LOW HITPOINT WARNING * * *
The gnoll barely misses you. The goblin hits you with a +0 dagger.
* * * LOW HITPOINT WARNING * * *
You struggle against the net.
The gnoll hits you with a +0 spear.
You die...

#### #..# #..# ### #..#
#.. ### #..# #.# #.. #..#
#.# #.####.@# #.#
#.#.gggg# #.#
#.#.###.######### #.#
##'#.#...#........ #.#
#......###.############.#
#.......................#
#......###.##############
#..†.<.+ #<..##..........
#......# ###.##..........


You could see 3 gnolls and a goblin.

Vanquished Creatures
  A gnoll (D:2)
  3 endoplasms (D:1)
  2 goblins (D:1)
  3 hobgoblins (D:1)
  3 quokkas (D:1)
  9 ball pythons
  3 bats (D:1)
  2 frilled lizards (D:1)
  6 kobolds (D:1)
32 creatures vanquished.

Notes
Turn   | Place    | Note
-------+----------+-------------------------------------------
     0 | D:1      | Newt the Demonspawn Gladiator began the quest for the Orb.
     0 | D:1      | Reached XP level 1. HP: 16/16 MP: 1/1
   247 | D:1      | Reached skill level 1 in Stealth
   304 | D:1      | Gained mutation: You have a pair of small horns on your
                  | head. [demonic ancestry]
   304 | D:1      | Reached XP level 2. HP: 22/22 MP: 2/2
   353 | D:1      | Found Fifamaf's Distillery.
   765 | D:1      | Gained mutation: You have a somewhat thin skeletal
                  | structure. (Dex +2, Stealth+) [demonic ancestry]
   765 | D:1      | Reached XP level 3. HP: 24/28 MP: 3/3
  1177 | D:2      | Reached skill level 3 in Fighting
  1183 | D:2      | HP: 1/29 [goblin/+0 dagger (3)]
  1188 | D:2      | Slain by a gnoll

Illustrated notes

Levels and vault maps discovered:
D:1:      dpeg_arrival_three_same_balls, layout_loops_ring, serial_shops, shop,
          hangedman_decor_peaks_small, serial_park_tiny_pond,
          chequers_arboretum, nrook_campfire
D:2:      layout_basic, uniq_terence

Skill      XL: |  1  2  3 |
---------------+----------+-----
Stealth        | 1 2 |  2.0
Fighting       | 3 |  3.1
Short Blades   | |  2.6
Throwing       | |  1.7
Dodging        | |  2.6

Action                   || total
-------------------------++-------
Melee: Rapier            ||    65
       Headbutt          ||     5
       Punch             ||     1
Throw: Javelin           ||     1
  Use: Scroll            ||     2
       Potion            ||     2
 Stab: Sleeping          ||     6
Armor: Leather armour    ||    19
Dodge: Dodged            ||    31

Table legend: (Time is in decaauts)
 A = Elapsed time spent in this place.
 B = Non-inter-level travel time spent in this place.
 C = Inter-level travel time spent in this place.
 D = Time resting spent in this place.
 E = Time spent auto-exploring this place.
 F = Levels seen in this place.
 G = Mean time per level.
                   A        B        C        D        E       F      G
               +--------+--------+--------+--------+--------+-----+--------+
         Total |   1193 |   1134 |     59 |    141 |    781 |   2 |  596.5 |
       Dungeon |   1193 |   1134 |     59 |    141 |    781 |   2 |  596.5 |
               +--------+--------+--------+--------+--------+-----+--------+

Top non-repeatable levels by time:
     D:1: 1050 daAuts
     D:2: 142 daAuts
